 Dungeon Crawl Stone Soup version 0.20-a0-876-g2c7b0bf (webtiles) character file.

94 krabocopter the Skirmisher (level 4, -1/29 HPs)
             Began as a Gargoyle Fighter on Mar 15, 2017.
             Killed by nerve-wracking pain
             ... invoked by Grinder
              (4 damage)
             ... while paralysed by Grinder
             ... on level 3 of the Dungeon.
             The game lasted 00:03:51 (1692 turns).

krabocopter the Skirmisher (Gargoyle Fighter)       Turns: 1692, Time: 00:03:52

Health: -1/29      AC: 10    Str: 25    XL:     4   Next: 63%
Magic:  4/4        EV:  2    Int:  8    God:
Gold:   139        SH:  0    Dex: 10    Spells: 3/3 levels left

rFire    . . .     SeeInvis .   a - +0 flail
rCold    . . .     Gourm    .   b - +0 scale mail
rNeg     + . .     Faith    .   c - +0 shield
rPois    ∞         Spirit   .   (no helmet)
rElec    +         Reflect  .   (no cloak)
rCorr    .         Harm     .   (no gloves)
MR       .....                  (no boots)
Stlth    ..........             (no amulet)
Regen    0.1/turn               (no ring)
MPRegen  0.1/turn               (no ring)

@: paralysed, mighty
A: negative energy resistance 1, electricity resistance, unbreathing,
petrification resistance, rot immunity, AC +3
a: no special abilities


You were on level 3 of the Dungeon.
You were not hungry.

You visited 1 branch of the dungeon, and saw 3 of its levels.

You collected 139 gold pieces.

Inventory:

Hand Weapons
 a - a +0 flail (weapon)
Armour
 b - a +0 scale mail (worn)
 c - a +0 shield (worn)
Scrolls
 e - a scroll of random uselessness {unknown}
 h - 2 scrolls of recharging {unknown}
 i - a scroll of magic mapping {unknown}
 j - 3 scrolls of identify {unknown}
 k - 2 scrolls of teleportation {unknown}
 o - 2 scrolls of remove curse {unknown}
 r - a scroll of immolation {unknown}
Potions
 g - a potion of brilliance {unknown}
 l - a potion of magic {unknown}
 n - a potion of heal wounds {unknown}
 p - 3 potions of curing {unknown}
 q - 2 potions of agility {unknown}
 s - a potion of ambrosia {unknown}
Comestibles
 f - 3 bread rations
 m - 2 chunks of flesh


   Skills:
 + Level 4.1 Fighting
 * Level 3.2 Maces & Flails
 + Level 3.7 Armour
 + Level 4.0 Shields


You had 3 spell levels left.
You didn't know any spells.

Dungeon Overview and Level Annotations

Branches:
Dungeon (3/15)

Altars:
Nemelex Xobeh

Annotations:
D:3 Grinder


Innate Abilities, Weirdness & Mutations

You are resistant to torment.
Your stone body is resilient. (AC +3)
You are immune to poison.
You resist negative energy. (rN+)
You are resistant to electric shocks. (rElec)
You can survive without breathing.
You are immune to petrification.
You are immune to rotting.


Message History

Grinder blinks!
You hit Grinder. You block Grinder's attack.
You hit Grinder. Grinder hits you.
You writhe in agony.
* * * LOW HITPOINT WARNING * * *
You take 6 damage, and have 8/29 hp.
MASSIVE DAMAGE!!
You feel very mighty all of a sudden. Grinder gestures at you.
Pain shoots through your body!
* * * LOW HITPOINT WARNING * * *
You take 5 damage, and have 3/29 hp.
You closely miss Grinder.
Grinder says, "What is the universe for?"
Grinder blinks!
Grinder hits you but does no damage.
You sock Grinder! Grinder gestures at you.
You suddenly lose the ability to move!
Grinder gestures at you. Pain shoots through your body!
You die...

#..........
#.........
#$.......#
#........#
#........#
#........#
##......§.#
#.........#
#.......@5#
#.........#
#.).......####
#...########.##
#$..# ##...##
###.# ##.....##
#.# ##.......##
#.# #.........#
#.#####.......##


You could see Grinder.

Vanquished Creatures
  4 adders (D:2)
  2 worms (D:2)
  2 dart slugs (D:1)
  2 leopard geckos (D:2)
  7 bats
  2 giant cockroaches
  5 goblins
  2 hobgoblins (D:1)
  3 jackals (D:1)
  7 kobolds
  4 frilled lizards
  10 rats
50 creatures vanquished.

Notes
Turn   | Place    | Note
-------+----------+-------------------------------------------
     0 | D:1      | krabocopter the Gargoyle Fighter began the quest for the Orb.
     0 | D:1      | Reached XP level 1. HP: 14/14 MP: 1/1
   145 | D:1      | Reached XP level 2. HP: 12/19 MP: 2/2
   716 | D:1      | Reached XP level 3. HP: 23/23 MP: 3/3
  1107 | D:2      | Found a sparkling altar of Nemelex Xobeh.
  1327 | D:2      | Reached XP level 4. HP: 29/29 MP: 4/4
  1656 | D:3      | Noticed Grinder
  1692 | D:3      | Paralysed by Grinder for 3 turns
  1692 | D:3      | Killed from afar by Grinder

Vault maps used:
D:1:      mrwooster_arrival_statue_3, roderic_serpentine_path
D:2:      lemuel_crystal_altar, kennysheep_potato
D:3:      serial_forest, infiniplex_forest_lined_room_2,
          infiniplex_forest_lined_ring, infiniplex_forest_lined_room_3,
          infiniplex_forest_lined_corner, infiniplex_forest_clump_tiny,
          first_bread, portal_sewer_entry_e, uniq_grinder

Skill      XL: |  1  2  3  4 |
---------------+-------------+-----
Maces & Flails | 3 |  3.2
Fighting       | 4 |  4.1
Shields        | 4 |  4.0
Armour         | |  3.7

Action                   |  1- 3 |  4- 6 || total
-------------------------+-------+-------++-------
Melee: Flail             |   183 |    78 ||   261
  Use: Potion            |       |     1 ||     1
  Eat: Chunk             |     2 |     1 ||     3
Armor: Scale mail        |   129 |    32 ||   161
Dodge: Dodged            |    65 |    17 ||    82
Block: Shield            |   105 |    31 ||   136
